 Dungeon Crawl Stone Soup version 0.26-a0-646-g5d7718319a (webtiles) character file.

Game seed: 1960636002387447049

1 DogServant the Grave Robber (level 1, -1/10 HPs)
             Began as a Tengu Necromancer on Sept 24, 2020.
             Slain by a leopard gecko (2 damage)
             ... on level 1 of the Dungeon.
             The game lasted 00:00:18 (43 turns).

DogServant the Grave Robber (Tengu Necromancer)       Turns: 43, Time: 00:00:20

Health: -1/10      AC:  2    Str:  8    XL:     1   Next: 20%
Magic:  1/4        EV: 12    Int: 15    God:
Gold:   14         SH:  0    Dex: 14    Spells: 3/4 levels left

rFire    . . .     SeeInvis .   (no weapon)
rCold    . . .     Faith    .   (no shield)
rNeg     . . .     Spirit   .   a - +0 robe
rPois    .         Reflect  .   (helmet restricted)
rElec    .         Harm     .   (no cloak)
rCorr    .         Rampage  .   (no gloves)
MR       .....                  (boots unavailable)
Stlth    ++........             (no amulet)
HPRegen  0.03/turn              (no ring)
MPRegen  0.09/turn              (no ring)

@: no status effects
A: beak, talons 3
a: no special abilities


You were on level 1 of the Dungeon.
You visited 1 branch of the dungeon, and saw 1 of its levels.

You collected 14 gold pieces.

Inventory:

Armour
 a - a +0 robe (worn)
Potions
 b - a potion of curing {unknown}
 c - a potion of heal wounds {unknown}


   Skills:
 + Level 0.1 Armour
 + Level 2.2 Dodging
 - Level 2.0 Stealth
 - Level 2.0 Spellcasting
 + Level 4.4 Necromancy


You had 3 spell levels left.
You knew the following spells:

 Your Spells              Type           Power        Failure   Level
a - Pain                  Necr           ##..         3%          1

Your spell library contained the following spells:

 Spells                   Type           Power        Failure   Level
 Animate Skeleton         Necr           ##....       3%          1
 Vampiric Draining        Necr           ##........   11%         3
 Animate Dead             Necr           ##........   34%         4
 Agony                    Necr           ##......     69%         5


Dungeon Overview and Level Annotations

Branches:
Dungeon (1/15)

Altars:


Innate Abilities, Weirdness & Mutations

You have a beak for a mouth.
You have claws for feet.


Message History

Press: ? - help, Shift-Dir - straight line, f - goblin
Aim: a goblin, wielding a +0 dagger (chance to defeat MR: 85%)
The goblin barely resists.
The goblin hits you with a +0 dagger.
* * * LOW HITPOINT WARNING * * *
Casting: Pain (safe; 3% risk of failure)
Confirm with . or Enter, or press ? or * to list all spells.
Aiming: Pain (safe; 3% risk of failure)
Press: ? - help, Shift-Dir - straight line, f/p - goblin
Aim: a goblin, wielding a +0 dagger (chance to defeat MR: 85%)
The goblin writhes in agony.
The leopard gecko closely misses you. The goblin hits you but does no damage.
Casting: Pain (safe; 3% risk of failure)
Confirm with . or Enter, or press ? or * to list all spells.
Aiming: Pain (safe; 3% risk of failure)
Press: ? - help, Shift-Dir - straight line, f/p - goblin
Aim: a goblin, wielding a +0 dagger (severely wounded, chance to defeat MR: 85%)
The goblin writhes in agony.
You kill the goblin!
The leopard gecko bites you.
You die...

#§≈§≈≈§≈ ......
#§§§≈≈.. #....#
#≈§§...≈ +.....
#§§§.§≈≈ #....#
....≈≈≈. #....#
#≈.§.≈≈≈ #....#
#≈≈§...≈ #..l)#
#≈§§§§§. #...@#
#≈≈≈§≈≈≈
#....################
#............#######.
###..................
#..........########
############


You could see a leopard gecko.

Vanquished Creatures
  A goblin (D:1)
1 creature vanquished.

Notes
Turn   | Place    | Note
-------+----------+-------------------------------------------
     0 | D:1      | DogServant the Tengu Necromancer began the quest for the
                  | Orb.
     0 | D:1      | Reached XP level 1. HP: 10/10 MP: 4/4
    43 | D:1      | Slain by a leopard gecko

Illustrated notes

Levels and vault maps discovered:
D:1:      dpeg_arrival_shrine, layout_basic

Action                   || total
-------------------------++-------
Melee: Unarmed           ||     3
 Cast: Pain              ||     3
Armor: Robe              ||     2
Dodge: Dodged            ||     1

Table legend: (Time is in decaauts)
 A = Elapsed time spent in this place.
 B = Non-inter-level travel time spent in this place.
 C = Inter-level travel time spent in this place.
 D = Time resting spent in this place.
 E = Time spent auto-exploring this place.
 F = Levels seen in this place.
 G = Mean time per level.
                   A        B        C        D        E       F      G
               +--------+--------+--------+--------+--------+-----+--------+
         Total |     43 |     43 |      0 |      0 |     32 |   1 |   43.0 |
       Dungeon |     43 |     43 |      0 |      0 |     32 |   1 |   43.0 |
               +--------+--------+--------+--------+--------+-----+--------+

Top non-repeatable levels by time:
     D:1: 43 daAuts
